 Dungeon Crawl Stone Soup version 0.23-a0-164-g7711e57 (webtiles) character file.

1337 grindst0ne the Archer (level 8, -1/73 HPs)
             Began as a Centaur Hunter on Sept 10, 2018.
             Slain by a killer bee (6 damage)
             ... on level 4 of the Dungeon.
             The game lasted 00:11:16 (6414 turns).

grindst0ne the Archer (Centaur Hunter)              Turns: 6414, Time: 00:11:18

Health: -1/73      AC:  5    Str: 14    XL:     8   Next: 35%
Magic:  8/8        EV:  9    Int: 15    God:
Gold:   251        SH:  0    Dex: 13    Spells: 7/7 levels left

rFire    . . .     SeeInvis .   a - +1 shortbow
rCold    + + .     Gourm    .   (shield currently unavailable)
rNeg     . . .     Faith    .   w - +1 leather armour {rC+}
rPois    .         Spirit   .   (helmet restricted)
rElec    .         Reflect  .   (no cloak)
rCorr    .         Harm     .   (no gloves)
MR       .....                  (no barding)
Stlth    +.........             e - amulet of magic regeneration
HPRegen  0.22/turn              t - ring of wizardry
MPRegen  0.36/turn              (no ring)

@: brilliant, lethally poisoned (-1 -> -13), very quick
A: large, antennae 1, hooves 3, thin skeletal structure 1, clumsy 1, cold
resistance 1, deformed body, speed 2, tough skin 3
a: no special abilities


You were on level 4 of the Dungeon.
You were not hungry.

You visited 1 branch of the dungeon, and saw 5 of its levels.

You collected 251 gold pieces.

Inventory:

Hand Weapons
 a - a +1 shortbow (weapon)
 b - a +0 short sword
Missiles
 n - 26 arrows (quivered)
Armour
 r - a +1 ring mail of positive energy
 w - a +1 leather armour of cold resistance (worn)
Jewellery
 c - an uncursed ring of wizardry
 e - an amulet of magic regeneration (around neck)
 t - a ring of wizardry (left hand)
Wands
 d - a wand of iceblast (9)
 z - a wand of enslavement (12)
Scrolls
 m - a scroll of enchant weapon {unknown}
 o - a scroll of remove curse {unknown}
 s - a scroll of enchant armour {unknown}
 u - 7 scrolls of identify {unknown}
 v - a scroll of random uselessness {unknown}
 y - a scroll of fear {unknown}
 A - 2 scrolls of noise {unknown}
Potions
 g - a potion of resistance
 i - a potion of mutation
 l - 2 potions of curing {unknown}
 p - a potion of haste
 q - a potion of degeneration {unknown}
 x - a potion of lignification {unknown}
Comestibles
 f - 6 rations
 h - 2 chunks of flesh


   Skills:
 + Level 7.5 Fighting
 + Level 10.7 Bows
 - Level 1.3 Dodging
 - Level 0.4 Stealth


You had 7 spell levels left.
You didn't know any spells.
Your spell library was empty.

Dungeon Overview and Level Annotations

Branches:
Dungeon (5/15)
 Temple: D:4-7

Altars:
Gozag
Kikubaaqudgha
Uskayaw
Xom

Annotations:
D:2 exclusion: downstairs
D:3 exclusion: downstairs


Innate Abilities, Weirdness & Mutations

You have hooves in place of feet.
Armour fits poorly on your strangely shaped body.
You cover ground very quickly.
You have extremely tough skin. (AC +3)
You have a pair of small antennae on your head.
You have a somewhat thin skeletal structure. (Dex +2, Stealth)
You are clumsy. (Dex -2)
Your flesh is cold resistant. (rC+)


Message History

* * * LOW HITPOINT WARNING * * *
You feel sick.
There is a stone staircase leading up here.
The killer bee stings you!
* * * LOW HITPOINT WARNING * * *
The killer bee closely misses you.
You climb upwards.
You feel sick.
There is a stone staircase leading down here.
It was a potion of mutation.
You feel extremely strange. A pair of antennae grows on your head!
You feel clumsy.
You feel resistant to cold.
Your bones become slightly less dense.
The killer bee barely misses you. The killer bee stings you.
* * * LOW HITPOINT WARNING * * *
You are lethally poisoned!
The killer bee poisons you!
It was a potion of brilliance.
You feel clever all of a sudden.
* * * LOW HITPOINT WARNING * * *
You feel sick. The killer bee stings you.
You die...

#.......)....##.#
####.#######.##.#
#.###.##...#.##
#.##.#........# ####
#.###.##...#..# #...
#.#
#.###.##..##########
#.). #.# #.#
#.##...........# #...
#.# #.#
#.##.#########.####.#
#.###.#
#.##@y..............#
####.#...#
#.############.######
#....#.#.# #.#####
#.# #.####^###
#.#...### #.#
#.####≈### #...#...#
#.#
#.##._≈♣.#####.<.#.#
###.# #.#..♣..♣≈#
#####.# #...#
#.#..#≈.._########.#
#.###
#..♣#♣_#^♣^.#...##.#
#.#


You could see a killer bee.

Vanquished Creatures
  Pikel (D:4)
  Grinder (D:3)
  A water moccasin (D:5)
  An ogre (D:4)
  Blork the orc (D:5)
  A hound (D:5)
  2 jellies
  A bullfrog skeleton (D:4)
  A worker ant (D:4)
  Ijyb (D:4)
  3 gnolls (D:3)
  4 adders
  A shadow imp (D:5)
  An adder skeleton (D:5)
  4 worms
  14 dart slugs
  3 leopard geckos
  14 orcs
  7 giant cockroaches
  6 goblins
  9 hobgoblins
  13 jackals
  6 kobolds
  3 quokkas
  2 bats
  4 frilled lizards (D:1)
  9 rats
114 creatures vanquished.

Vanquished Creatures (others)
  An orc (D:4)
1 creature vanquished.

Grand Total: 115 creatures vanquished

Notes
Turn   | Place    | Note
-------+----------+-------------------------------------------
     0 | D:1      | grindst0ne the Centaur Hunter began the quest for the Orb.
     0 | D:1      | Reached XP level 1. HP: 17/17 MP: 1/1
   143 | D:1      | Reached XP level 2. HP: 18/25 MP: 2/2
   636 | D:1      | Reached skill level 6 in Bows
   765 | D:1      | Reached XP level 3. HP: 30/30 MP: 3/3
  2325 | D:2      | Found an ancient bone altar of Kikubaaqudgha.
  2429 | D:2      | Found an opulent altar of Gozag.
  2464 | D:3      | Reached XP level 4. HP: 30/38 MP: 4/4
  2925 | D:3      | Noticed Grinder
  2925 | D:3      | Paralysed by Grinder for 5 turns
  3080 | D:3      | Paralysed by Grinder for 2 turns
  3095 | D:3      | Paralysed by Grinder for 7 turns
  3107 | D:3      | Paralysed by Grinder for 6 turns
  3120 | D:3      | Killed Grinder
  3120 | D:3      | Reached skill level 7 in Bows
  3120 | D:3      | Reached XP level 5. HP: 24/47 MP: 5/5
  3120 | D:3      | Reached XP level 6. HP: 28/55 MP: 6/6
  3162 | D:3      | Reached skill level 8 in Bows
  3591 | D:3      | Reached skill level 5 in Fighting
  4479 | D:4      | Reached XP level 7. HP: 14/61 MP: 7/7
  4767 | D:4      | Noticed Ijyb
  4770 | D:4      | Found a hide-covered altar of Uskayaw.
  4792 | D:4      | Killed Ijyb
  4869 | D:4      | Noticed Pikel
  5155 | D:4      | Found a shimmering altar of Xom.
  5157 | D:4      | Found a shimmering altar of Xom.
  5158 | D:4      | Found a shimmering altar of Xom.
  5158 | D:4      | Found a shimmering altar of Xom.
  5267 | D:4      | Reached skill level 9 in Bows
  5401 | D:4      | Killed Pikel
  5401 | D:4      | Reached skill level 10 in Bows
  5401 | D:4      | Reached XP level 8. HP: 47/73 MP: 8/8
  5739 | D:5      | Entered Level 5 of the Dungeon
  5781 | D:5      | HP: 3/73 [water moccasin (5)]
  6373 | D:5      | Noticed Blork the orc
  6386 | D:5      | Killed Blork the orc
  6413 | D:4      | Gained mutation: You have a pair of small antennae on your
                  | head. [potion of mutation]
  6413 | D:4      | Gained mutation: You are clumsy. (Dex -2) [potion of
                  | mutation]
  6413 | D:4      | Gained mutation: Your flesh is cold resistant. (rC+)
                  | [potion of mutation]
  6413 | D:4      | Gained mutation: You have a somewhat thin skeletal
                  | structure. (Dex +2, Stealth) [potion of mutation]
  6414 | D:4      | Slain by a killer bee

Vault maps used:
D:1:      minmay_arrival_four_houses, minmay_tetromino_i4
D:2:      lemuel_crystal_altar, marbit_many_paths
D:3:      kennysheep_slugbush, uniq_grinder
D:4:      nicolae_overflow_hidden_temple, xom_redecorated, uniq_ijyb, uniq_pikel
D:5:      vehumet_statue, first_ration, uniq_crazy_yiuf_cottage, uniq_sigmund,
          uniq_blork_the_orc

Skill      XL: |  1  2  3  4  5  6  7 |
---------------+----------------------+-----
Bows           | 6 7 8 10 | 10.7
Fighting       | 3 4 5 7 |  7.5
Dodging        | |  1.3
Stealth        | |  0.4

Action                   |  1- 3 |  4- 6 |  7- 9 || total
-------------------------+-------+-------+-------++-------
Melee: Short sword       |   156 |   165 |   117 ||   438
       Kick              |    21 |    56 |    27 ||   104
 Fire: Shortbow          |    36 |    29 |    11 ||    76
  Use: Potion            |       |     7 |     5 ||    12
  Eat: Chunk             |     4 |     6 |     3 ||    13
       Ration            |       |       |     1 ||     1
Armor: Leather armour    |    43 |       |    23 ||    66
       Ring mail         |     1 |    67 |     9 ||    77
Dodge: Dodged            |    87 |    71 |    57 ||   215

Table legend:
 A = Non-vault XP
 B = Vault XP
 C = Vault XP percentage of total XP
 D = Non-vault monster count
 E = Vault monster count
 F = Vault count percentage of total count
                 A         B        C        D         E       F
            +---------+---------+-------+---------+---------+-------
      Total |     769 |    1141 |  59.7 |      96 |      18 |  15.8
            +---------+---------+-------+---------+---------+-------
        D:1 |      57 |       8 |  12.3 |      33 |       3 |   8.3
        D:2 |      25 |       9 |  26.5 |      10 |       3 |  23.1
        D:3 |     144 |     313 |  68.5 |      30 |       9 |  23.1
        D:4 |     282 |     720 |  71.9 |      17 |       2 |  10.5
        D:5 |     261 |      91 |  25.9 |       6 |       1 |  14.3
            +---------+---------+-------+---------+---------+-------
